 Dungeon Crawl Stone Soup version 0.26.0-3-g156281e41b (webtiles) character file.

Game seed: 13419901836924083251

1597 Jerry the Cudgeller (level 8, -3/71 HPs)
             Began as a Ghoul Delver on Jan 9, 2021.
             Killed from afar by an orc wizard (5 damage)
             ... with a magic dart
             ... on level 6 of the Dungeon.
             The game lasted 00:28:28 (9296 turns).

Jerry the Cudgeller (Ghoul Delver)                  Turns: 9296, Time: 00:28:29

Health: -3/71      AC:  5    Str: 15 (16) XL:     8   Next: 93%
Magic:  0/7        EV: 11    Int:  5 (7)  God:
Gold:   297        SH:  0    Dex: 10      Spells: 7/7 levels left

rFire    x . .     SeeInvis .   G - +1 mace (vorpal)
rCold    + + .     Faith    .   (no shield)
rNeg     + + +     Spirit   +   b - +0 leather armour
rPois    ∞         Reflect  .   (no helmet)
rElec    .         Harm     .   (no cloak)
rCorr    +         Rampage  .   (no gloves)
Will     .....                  f - +1 pair of boots
Stlth    +++.......             n - amulet of guardian spirit
HPRegen  0.00/turn              A - ring of resist corrosion
MPRegen  0.10/turn              F - ring of ice

@: no status effects
A: claws 1, cold resistance 1, negative energy resistance 3, inhibited
regeneration, torment resistance, unbreathing
a: no special abilities


You were on level 6 of the Dungeon.
You visited 1 branch of the dungeon, and saw 6 of its levels.

You collected 297 gold pieces.

Inventory:

Hand Weapons
 k - a +0 flail of protection
 o - a +1 vampiric short sword
 G - a +1 vorpal mace (weapon)
Missiles
 h - 4 boomerangs (quivered)
Armour
 b - a +0 leather armour (worn)
 f - a +1 pair of boots (worn)
Jewellery
 n - an amulet of guardian spirit (around neck)
 q - an uncursed amulet of the acrobat
 y - an uncursed amulet of faith
 A - a ring of resist corrosion (left claw)
 F - a ring of ice (right claw)
Wands
 g - a wand of digging (3)
Scrolls
 a - a scroll of identify
 c - 2 scrolls of fog
 d - a scroll of magic mapping
 e - 3 scrolls of fear
 i - 2 scrolls of enchant weapon
 p - 3 scrolls of remove curse
Potions
 j - a potion of curing
 l - 2 potions of magic
 z - a potion of lignification


   Skills:
 + Level 6.8 Fighting
 * Level 7.3 Maces & Flails
 + Level 4.7 Armour
 - Level 1.7 Dodging
 - Level 5.4 Stealth


You had 7 spell levels left.
You didn't know any spells.
Your spell library was empty.

Dungeon Overview and Level Annotations

Branches:
Dungeon (6/15)
 Temple: D:4-7

Altars:
Ashenzari
Ru
Trog

Annotations:
D:6 Maggie


Innate Abilities, Weirdness & Mutations

You thrive by killing the living.
You are immune to poison.
You have sharp fingernails.
Your flesh is cold resistant. (rC+)
You are immune to negative energy. (rN+++)
You do not regenerate when monsters are visible.
You are immune to unholy pain and torment.
You can survive without breathing.


Message History

The orc wizard mumbles some strange words.
The orc wizard blinks!
The orc wizard gestures at you while chanting.
The magic dart hits you.
* * * LOW HITPOINT WARNING * * *
Maggie shouts!
The orc wizard gestures at you while chanting.
The magic dart hits you.
Maggie zaps a wand.
You hear a grinding noise.
The orc wizard closely misses you.
Maggie zaps a wand.
Some rock shatters into small pieces.
The orc wizard barely misses you.
The orc wizard hits you but does no damage.
The orc wizard is no longer moving quickly.
The orc wizard gestures at you while chanting.
The magic dart hits you but does no damage.
The orc wizard gestures at you while chanting.
The magic dart hits you.
You die...

##.............##...# #........
##.##...........##...###.....)...
...###.......>...#...)#####......
...# ##........##.......######.##
.#.# ##....####.........## #.#
...# ###### ##.....#....####.#
...## ##.....###.....##.# ....##
##....### ##.....#.## .....#
##...@## ##......#. .....#
##....## ##....... ....##
###....## ##......
....#####..(.o## #.......
........@.....# ##......
....@......o.## ##.....
...#........## ###...
...#.......## #.#. ..##....o..#
#..#


You could see an orc wizard and an orc.

Vanquished Creatures
  Menkaure (D:6)
  An ogre (D:6)
  A phantom (D:5)
  3 scorpions (D:4)
  3 killer bees (D:5)
  5 wights
  A howler monkey (D:6)
  A centaur zombie (D:5)
  2 bullfrog skeletons
  2 orc priests
  3 hounds
  A jelly (D:6)
  5 orc wizards
  An iguana (D:6)
  4 worker ants
  A hound skeleton (D:5)
  5 gnolls
  A howler monkey skeleton (D:6)
  9 adders
  A shadow imp (D:6)
  2 oozes
  An adder zombie (D:6)
  A worm (D:3)
  2 dart slugs
  3 leopard geckos
  17 orcs
  8 bats
  5 giant cockroaches
  5 goblins
  6 hobgoblins
  5 jackals
  A quokka (D:3)
  2 jackal skeletons (D:4)
  13 kobolds
  A leopard gecko zombie (D:5)
  A quokka skeleton (D:3)
  11 rats
135 creatures vanquished.

Vanquished Creatures (others)
  8 fungi (D:6)
  8 plants (D:6)
16 creatures vanquished.

Grand Total: 151 creatures vanquished

Notes
Turn   | Place    | Note
-------+----------+-------------------------------------------
     0 | D:5      | Jerry the Ghoul Delver began the quest for the Orb.
     0 | D:5      | Reached XP level 1. HP: 19/19 MP: 0/0
    43 | D:4      | Noticed a worker ant
   240 | D:4      | Noticed a scorpion
   349 | D:4      | Noticed a worker ant
   418 | D:5      | Noticed a phantom
   429 | D:5      | Noticed a scorpion
   445 | D:5      | Found a sacrificial altar of Ru.
   446 | D:5      | Noticed an orc wizard
   455 | D:4      | Killed a worker ant
   456 | D:4      | Reached skill level 2 in Maces & Flails
   456 | D:4      | Reached XP level 2. HP: 13/26 MP: 1/1
   456 | D:4      | Reached XP level 3. HP: 16/31 MP: 2/2
   667 | D:3      | Reached skill level 1 in Armour
   928 | D:3      | Reached skill level 3 in Maces & Flails
   928 | D:3      | Reached XP level 4. HP: 33/40 MP: 3/3
  1516 | D:1      | Reached XP level 5. HP: 43/46 MP: 4/4
  3332 | D:3      | You fall into a shaft and drop 1 floor!
  3348 | D:4      | Reached skill level 4 in Maces & Flails
  3348 | D:4      | Reached XP level 6. HP: 42/53 MP: 2/5
  3869 | D:4      | Got a slimy spear
  4043 | D:4      | Found a bloodstained altar of Trog.
  4888 | D:4      | Reached skill level 5 in Fighting
  4888 | D:4      | Reached XP level 7. HP: 23/61 MP: 0/6
  5252 | D:5      | Reached skill level 5 in Maces & Flails
  5718 | D:5      | Found a broken altar of Ashenzari.
  5748 | D:5      | Identified the cursed +1 spear "Buwut" {vorpal, Str-3 Int+5
                  | Dex-2 SInv} (You found it on level 4 of the Dungeon)
  6847 | D:5      | Reached XP level 8. HP: 54/70 MP: 4/7
  6975 | D:5      | Reached skill level 6 in Maces & Flails
  7609 | D:6      | Noticed Menkaure
  7620 | D:6      | Killed Menkaure
  7776 | D:5      | HP: 3/71 [killer bee (1)]
  8326 | D:5      | Reached skill level 7 in Maces & Flails
  9234 | D:6      | Noticed Maggie
  9280 | D:6      | HP: 2/71 [orc wizard/magic dart (3)]
  9296 | D:6      | Killed from afar by an orc wizard

Illustrated notes

Levels and vault maps discovered:
D:1:      amcnicky_arrival_gap_in_the_tavern_cellar, layout_basic,
          chequers_serial_rivers_small_3, corner_web_ring,
          chequers_serial_rivers_micro_e, minmay_pentomino_x4
D:2:      layout_loops_ring
D:3:      layout_rooms
D:4:      layout_gridville, trog_three_pillars_becter
D:5:      layout_basic, basic_altar, nicolae_ru_awakened_eye
D:6:      layout_cave_pods, fedhas_altar_3, uniq_maggie, uniq_menkaure

Skill      XL: |  1  2  3  4  5  6  7  8 |
---------------+-------------------------+-----
Maces & Flails | 2 3 4 5 7 |  7.3
Armour         | 1 2 3 4 |  4.7
Fighting       | 4 5 6 |  6.8
Dodging        | |  1.7
Stealth        | |  5.4

Action                   |  1- 3 |  4- 6 |  7- 9 || total
-------------------------+-------+-------+-------++-------
Melee: Mace              |    54 |    36 |   282 ||   372
       Whip              |       |    85 |       ||    85
       Short sword       |       |   247 |    62 ||   309
Throw: Boomerang         |       |       |     7 ||     7
  Use: Potion            |     2 |       |    10 ||    12
       Scroll            |       |     5 |     7 ||    12
 Stab: Distracted        |     1 |       |     2 ||     3
       Sleeping          |       |    13 |     2 ||    15
       Invisible         |       |       |     2 ||     2
Armor: Leather armour    |    14 |    86 |    90 ||   190
Dodge: Dodged            |    34 |   252 |   224 ||   510
